 Dungeon Crawl Stone Soup version 0.25-a0-339-gb37b713d4c (webtiles) character file.

Game seed: 10737112156799845453, levelgen mode: deterministic

435 Essalna the Firebug (level 7, -2/50 HPs)
             Began as a Gnoll Fire Elementalist on Dec 29, 2019.
             Was a Follower of Cheibriados.
             Killed from afar by an orc wizard (10 damage)
             ... with a puff of flame
             ... on level 4 of the Dungeon.
             The game lasted 00:11:28 (2864 turns).

Essalna the Firebug (Gnoll Fire Elementalist)       Turns: 2864, Time: 00:11:29

Health: -2/50      AC:  7    Str: 13    XL:     7   Next: 0%
Magic:  4/15       EV: 12    Int: 21    God:    Cheibriados [*.....]
Gold:   138        SH:  0    Dex: 17    Spells: 15/16 levels left

rFire    . . .     SeeInvis .   j - +2 whip (elec)
rCold    . . .     Gourm    .   (no shield)
rNeg     . . .     Faith    .   t - +0 scale mail
rPois    .         Spirit   .   b - +0 helmet
rElec    .         Reflect  .   (no cloak)
rCorr    .         Harm     .   (no gloves)
MR       .....                  (no boots)
Stlth    ++........             (no amulet)
HPRegen  0.16/turn              (no ring)
MPRegen  0.14/turn              (no ring)

@: lethally poisoned (-2 -> -11), very slow
A: distributed training, fangs 1, strong nose
a: Bend Time, Renounce Religion


You were on level 4 of the Dungeon.
You worshipped Cheibriados.
Cheibriados was aware of your devotion.
You were not hungry.

You visited 1 branch of the dungeon, and saw 4 of its levels.

You collected 138 gold pieces.

Inventory:

Hand Weapons
 f - a +0 mace
 j - a +2 whip of electrocution (weapon)
Armour
 a - a +0 robe
 b - a +0 helmet (worn)
 t - a +0 scale mail (worn)
Scrolls
 h - 4 scrolls of identify
 k - 2 scrolls of remove curse
 m - 4 scrolls of amnesia {unknown}
 q - a scroll of teleportation
 r - a scroll of fear {unknown}
 u - a scroll of noise {unknown}
Potions
 d - 2 potions of agility
 e - a potion of might {unknown}
 g - 5 potions of curing {unknown}
 i - a potion of lignification {unknown}
 l - a potion of magic {unknown}
 n - 2 potions of resistance {unknown}
 o - a potion of heal wounds {unknown}
 s - a potion of flight {unknown}
Comestibles
 c - 4 rations


   Skills:
 + Level 2.1 Fighting
 + Level 2.1 Short Blades
 + Level 2.1 Long Blades
 + Level 2.1 Axes
 + Level 2.1 Maces & Flails
 + Level 2.1 Polearms
 + Level 2.1 Staves
 + Level 2.1 Slings
 + Level 2.1 Bows
 + Level 2.1 Crossbows
 + Level 2.1 Throwing
 + Level 2.1 Armour
 + Level 5.1 Dodging
 + Level 4.7 Stealth
 + Level 2.1 Shields
 + Level 2.1 Unarmed Combat
 + Level 5.4 Spellcasting
 + Level 2.7 Conjurations
 + Level 1.7 Hexes
 + Level 1.7 Charms
 + Level 1.7 Summonings
 + Level 1.7 Necromancy
 + Level 1.7 Translocations
 + Level 1.7 Transmutations
 + Level 5.7 Fire Magic
 + Level 1.7 Ice Magic
 + Level 1.7 Air Magic
 + Level 1.7 Earth Magic
 + Level 1.7 Poison Magic
 + Level 2.4 Invocations
 + Level 2.1 Evocations


You had 15 spell levels left.
You knew the following spells:

 Your Spells              Type           Power        Failure   Level  Hunger
a - Foxfire               Conj/Fire      ###.         9%          1    None

Your spell library contained the following spells:

 Spells                   Type           Power        Failure   Level  Hunger
 Conjure Flame            Conj/Fire      ###.....     26%         3    ##.....
 Inner Flame              Hex/Fire       ###.....     30%         3    ##.....
 Sticky Flame             Conj/Fire      ###.....     63%         4    ####...
 Fireball                 Conj/Fire      ###.......   93%         5    #####..


Dungeon Overview and Level Annotations

Branches:
Dungeon (4/15)
 Temple: D:4-7

Altars:
Cheibriados
Uskayaw
Wu Jian


Innate Abilities, Weirdness & Mutations

Your experience applies equally to all skills.
You have very sharp teeth.
Your uncanny sense of smell can sniff out nearby items.


Message History

The worker ant bites you.
You are more poisoned.
The worker ant poisons you!
The orc priest calls down the wrath of Beogh upon you.
Pain shoots through your body!
Casting: Foxfire (safe; 9% risk of failure)
Confirm with . or Enter, or press ? or * to list all spells.
You conjure some foxfire!
You feel sick. The worker ant closely misses you.
The orc priest hits you with a +0 flail.
* * * LOW HITPOINT WARNING * * *
* * * LOW HITPOINT WARNING * * *
You feel sick.
The foxfire hits the orc priest.
You kill the orc priest!
Cheibriados appreciates the change of pace.
You have reached level 7!
The worker ant closely misses you.
You hear some strange, mumbled words.
A puff of flame appears from out of thin air!
The puff of flame hits you!
You die...

.............
............
#...........
...........
##..........
#.........>.
#.........!.
#@)........!
##a....#....
##.).## #
##### ∆


You could see a worker ant.

Vanquished Creatures
  Grinder (D:4)
  2 orc priests
  2 orc wizards
  Robin (D:2)
  2 adders (D:2)
  A worm (D:3)
  2 dart slugs
  2 leopard geckos (D:1)
  5 orcs (D:3)
  7 bats
  4 giant cockroaches
  17 goblins
  12 hobgoblins
  4 jackals (D:1)
  5 kobolds
  2 quokkas
  2 frilled lizards
  5 rats
76 creatures vanquished.

Vanquished Creatures (others)
  226 foxfires
226 creatures vanquished.

Grand Total: 302 creatures vanquished

Notes
Turn   | Place    | Note
-------+----------+-------------------------------------------
     0 | D:1      | Essalna the Gnoll Fire Elementalist began the quest for the
                  | Orb.
     0 | D:1      | Reached XP level 1. HP: 13/13 MP: 6/6
    98 | D:1      | Reached XP level 2. HP: 19/19 MP: 1/7
   545 | D:1      | Reached XP level 3. HP: 25/25 MP: 2/9
   633 | D:1      | Reached skill level 5 in Spellcasting
   952 | D:2      | Reached skill level 1 in Invocations
   955 | D:2      | Found an ornate altar of the Wu Jian Council.
  1067 | D:2      | Reached skill level 1 in Fighting
  1067 | D:2      | Reached skill level 1 in Short Blades
  1067 | D:2      | Reached skill level 1 in Long Blades
  1067 | D:2      | Reached skill level 1 in Axes
  1067 | D:2      | Reached skill level 1 in Maces & Flails
  1067 | D:2      | Reached skill level 1 in Polearms
  1067 | D:2      | Reached skill level 1 in Staves
  1067 | D:2      | Reached skill level 1 in Slings
  1067 | D:2      | Reached skill level 1 in Bows
  1067 | D:2      | Reached skill level 1 in Crossbows
  1067 | D:2      | Reached skill level 1 in Throwing
  1067 | D:2      | Reached skill level 1 in Armour
  1067 | D:2      | Reached skill level 1 in Shields
  1067 | D:2      | Reached skill level 1 in Unarmed Combat
  1067 | D:2      | Reached skill level 1 in Evocations
  1069 | D:2      | Noticed Robin
  1076 | D:2      | Killed Robin
  1076 | D:2      | Reached XP level 4. HP: 32/32 MP: 0/11
  1309 | D:2      | Found a snail-covered altar of Cheibriados.
  1322 | D:2      | Became a worshipper of Cheibriados the Contemplative
  1687 | D:2      | Reached skill level 1 in Hexes
  1687 | D:2      | Reached skill level 1 in Charms
  1687 | D:2      | Reached skill level 1 in Summonings
  1687 | D:2      | Reached skill level 1 in Necromancy
  1687 | D:2      | Reached skill level 1 in Translocations
  1687 | D:2      | Reached skill level 1 in Transmutations
  1687 | D:2      | Reached skill level 1 in Ice Magic
  1687 | D:2      | Reached skill level 1 in Air Magic
  1687 | D:2      | Reached skill level 1 in Earth Magic
  1687 | D:2      | Reached skill level 1 in Poison Magic
  1900 | D:3      | Reached XP level 5. HP: 37/37 MP: 5/12
  2294 | D:3      | Reached * piety under Cheibriados
  2394 | D:3      | Found a hide-covered altar of Uskayaw.
  2728 | D:4      | Noticed Grinder
  2736 | D:4      | Paralysed by Grinder for 2 turns
  2741 | D:4      | Killed Grinder
  2741 | D:4      | Reached skill level 5 in Dodging
  2741 | D:4      | Reached XP level 6. HP: 35/44 MP: 2/14
  2864 | D:4      | Reached XP level 7. HP: 8/50 MP: 4/15
  2864 | D:4      | Killed from afar by an orc wizard

Levels and vault maps discovered:
D:1:      lordsloth_arrival_two_stooges, layout_loops_cross, minmay_pentomino_u4
D:2:      layout_loops_ring, lemuel_crystal_altar, lemuel_crystal_altar,
          uniq_robin
D:3:      layout_basic, lemuel_round_altar
D:4:      layout_rooms, grunt_temple_overflow_lords_of_destruction,
          minmay_temple_entry_grid, uniq_grinder

Skill      XL: |  1  2  3  4  5 |
---------------+----------------+-----
Conjurations   | 2 |  2.7
Spellcasting   | 5 |  5.4
Invocations    | 1 2 |  2.4
Fighting       | 1 2 |  2.1
Short Blades   | 1 2 |  2.1
Long Blades    | 1 2 |  2.1
Axes           | 1 2 |  2.1
Maces & Flails | 1 2 |  2.1
Polearms       | 1 2 |  2.1
Staves         | 1 2 |  2.1
Slings         | 1 2 |  2.1
Bows           | 1 2 |  2.1
Crossbows      | 1 2 |  2.1
Throwing       | 1 2 |  2.1
Armour         | 1 2 |  2.1
Shields        | 1 2 |  2.1
Unarmed Combat | 1 2 |  2.1
Evocations     | 1 2 |  2.1
Hexes          | 1 |  1.7
Charms         | 1 |  1.7
Summonings     | 1 |  1.7
Necromancy     | 1 |  1.7
Translocations | 1 |  1.7
Transmutations | 1 |  1.7
Ice Magic      | 1 |  1.7
Air Magic      | 1 |  1.7
Earth Magic    | 1 |  1.7
Poison Magic   | 1 |  1.7
Dodging        | 5 |  5.1
Stealth        | |  4.7
Fire Magic     | |  5.7

Action                   |  1- 3 |  4- 6 |  7- 9 || total
-------------------------+-------+-------+-------++-------
Melee: Unarmed           |     1 |       |       ||     1
       Mace              |     4 |    16 |       ||    20
       Whip              |       |    23 |       ||    23
       Bite              |       |     3 |       ||     3
 Cast: Foxfire           |    72 |    91 |       ||   163
  Use: Scroll            |     3 |       |       ||     3
  Eat: Chunk             |       |     5 |       ||     5
Armor: Robe              |     1 |    12 |       ||    13
       Scale mail        |       |    11 |       ||    11
Dodge: Dodged            |    10 |    57 |     1 ||    68

Table legend:
 A = Non-vault XP
 B = Vault XP
 C = Vault XP percentage of total XP
 D = Non-vault monster count
 E = Vault monster count
 F = Vault count percentage of total count
                 A         B        C        D         E       F
            +---------+---------+-------+---------+---------+-------
      Total |     296 |     326 |  52.4 |      62 |      14 |  18.4
            +---------+---------+-------+---------+---------+-------
        D:1 |      41 |       7 |  14.6 |      22 |       3 |  12.0
        D:2 |      88 |      33 |  27.3 |      17 |      10 |  37.0
        D:3 |      84 |       0 |   0.0 |      21 |       0 |   0.0
        D:4 |      83 |     286 |  77.5 |       2 |       1 |  33.3
            +---------+---------+-------+---------+---------+-------
